 Dungeon Crawl Stone Soup version 0.27.0-1-g7a089689b8 (webtiles) character file.

Game seed: 7072202924479862035

433 sanka the Skirmisher (level 7, -5/67 HPs)
             Began as a Naga Summoner on Aug 9, 2021.
             Slain by a water moccasin zombie (6 damage)
             ... in an ossuary.
             The game lasted 00:12:24 (6023 turns).

sanka the Skirmisher (Naga Summoner)                Turns: 6023, Time: 00:12:24

Health: -5/67      AC:  6    Str: 11    XL:     7   Next: 0%
Magic:  1/10       EV:  9    Int: 23    God:
Gold:   125        SH:  0    Dex: 11    Spells: 7/10 levels left

rFire    . . .     SeeInvis +   v - +0 halberd
rCold    . . .     Faith    .   (shield currently unavailable)
rNeg     . . .     Spirit   .   a - +0 robe
rPois    +         Reflect  .   (no helmet)
rElec    .         Harm     .   (no cloak)
rCorr    +         Rampage  .   s - +2 pair of gloves
Will     .....                  (no barding)
Stlth    ++........             (no amulet)
HPRegen  0.21/turn              t - +6 ring of intelligence
MPRegen  0.12/turn              j - ring of resist corrosion

@: very slow
A: AC +2, large, see invisible, deformed body, poison resistance, slowness 2,
spit poison 1, naga tail 1
a: Spit Poison


You were in an ossuary.
You visited 1 branch of the dungeon, and saw 6 of its levels.
You also visited: Ossuary.

You collected 125 gold pieces.


Innate Abilities, Weirdness & Mutations

Your serpentine skin is tough. (AC +2)
You have supernaturally acute eyesight. (SInv)
Armour fits poorly on your strangely shaped body.
Your system is resistant to poisons. (rPois)
You cover ground very slowly.
You can spit poison.
You have a snake-like lower body.


   Skills:
 - Level 5.0 Fighting
 - Level 1.5 Dodging
 - Level 3.0 Stealth
 - Level 3.1 Unarmed Combat
 - Level 2.0 Spellcasting
 - Level 4.0 Summonings
 + Level 2.9 Air Magic


You had 7 spell levels left.
You knew the following spells:

 Your Spells              Type           Power      Damage    Failure   Level
x - Call Imp              Summ           20%        N/A       3%          2
z - Summon Small Mammal   Summ           80%        N/A       2%          1

Your spell library contained the following spells:

 Spells                   Type           Power      Damage    Failure   Level
 Call Canine Familiar     Summ           20%        N/A       8%          3
 Summon Guardian Golem    Hex/Summ       11%        N/A       17%         3
 Summon Lightning Spire   Summ/Air       18%        N/A       30%         4
 Storm Form               Tmut/Air       4%         N/A       100%        7
 Maxwell's Capacitive Co  Air            7%         ∞         100%        8

Inventory:

Hand Weapons
 h - a +0 mace
 n - a +0 spear
 v - a +0 halberd (weapon)
Missiles
 b - 35 poisoned darts
Armour
 a - a +0 robe (worn)
 s - a +2 pair of gloves (worn)
Magical Staves
 w - a staff of cold
Jewellery
 j - a ring of resist corrosion (right hand)
 o - a ring of see invisible
 t - a +6 ring of intelligence (left hand)
Wands
 u - a wand of mindburst (9)
 x - a wand of acid (1)
Scrolls
 c - 2 scrolls of identify {@r1}
 d - a scroll of immolation {!r}
 f - a scroll of torment {!r}
 i - a scroll of fog
 k - a scroll of fear
 p - a scroll of teleportation {@r4}
 q - a scroll of magic mapping
Potions
 e - a potion of flight {unknown}
 l - a potion of might {unknown}
 m - a potion of haste {@q3}

Dungeon Overview and Level Annotations

Branches:
Dungeon (6/15)            Ossuary (1/1)
 Temple: D:4-7

Altars:
Gozag

Shops:
D:4

: ▒▒▒
▒▒▒▒▒
▒.'.▒..Z▒
▒.'ZMZ▒
▒.'.▒ZZN▒
▒▒ ▒▒▒▒▒


You could see a mummy, 2 water moccasin zombies, 2 bullfrog zombies and a killer
bee zombie.


Message History

A mummy comes into view.
The water moccasin zombie bites you.
* * * LOW HITPOINT WARNING * * *
The water moccasin zombie bites you but does no damage.
You barely miss the mummy.
The mummy is heavily damaged.
The killer bee zombie hits your white imp.
Your white imp dies!
The water moccasin zombie bites you.
* * * LOW HITPOINT WARNING * * *
The water moccasin zombie barely misses you.
Unknown command.
Okay, then.
It was a potion of curing.
The water moccasin zombie barely misses you.
The water moccasin zombie bites you.
* * * LOW HITPOINT WARNING * * *
Okay, then.
As you read the scroll of teleportation {@r4}, it crumbles to dust.
You feel strangely unstable. The mummy hits you!
* * * LOW HITPOINT WARNING * * *
The water moccasin zombie completely misses you.
It was a potion of cancellation.
You feel strangely stable.
Your magical effects are unravelling.
You feel magically purged.
You feel yourself slow down. The water moccasin zombie bites you.
You die...

Action                   |  1- 3 |  4- 6 |  7- 9 || total
-------------------------+-------+-------+-------++-------
Melee: Unarmed           |     6 |       |       ||     6
       Mace              |     6 |    74 |       ||    80
       Halberd           |       |    75 |     6 ||    81
 Cast: Summon Small Mamm |     2 |       |       ||     2
       Call Imp          |     4 |    28 |     1 ||    33
 Abil: Spit Poison       |    26 |    37 |       ||    63
  Use: Scroll            |       |     6 |     1 ||     7
       Potion            |       |       |     3 ||     3
 Stab: Sleeping          |       |     2 |       ||     2
       Distracted        |       |     1 |       ||     1
Armor: Robe              |     6 |    81 |     9 ||    96
Dodge: Dodged            |    13 |    89 |     7 ||   109

Levels and vault maps discovered:
D:1:      psy_arrival_radial01, layout_loops_ring, minmay_circled_x
D:2:      layout_basic
D:3:      layout_basic, mainiacjoe_overflow_cross_hatched
D:4:      layout_basic, minmay_shop_grid_forest, minmay_fire_ice_demons
D:5:      layout_basic, nicolae_dithmenos_the_darkroom, general_overflow_altar,
          minmay_misc_feat_tiny, nrook_pool_corridor,
          chequers_serial_rivers_small_a, abandoned_shop,
          chequers_serial_rivers_large_a
D:6:      lemuel_slime, layout_basic, mainiacjoe_overflow_alcove_1,
          minmay_temple_entry_statues_fountains, nicolae_ossuary_entry_giza,
          serial_co_window_serial, co_window_corner_a, co_window_paths_b,
          co_window_of_opportunity_a, co_window_corner_a, co_window_paths_b,
          co_window_2corner, co_window_cross_4, co_window_broadway_b,
          co_window_corner_b, co_window_broadway_a, co_window_corner_cb,
          co_window_2corner, glass_columns_a, glass_columns_b, glass_columns_c,
          glass_columns_b, minmay_shop_enchanted_jewellery, uniq_menkaure
Ossuary:  ossuary_zaba_flooded

Notes
Turn   | Place    | Note
-------+----------+-------------------------------------------
     0 | D:1      | sanka the Naga Summoner began the quest for the Orb.
     0 | D:1      | Reached XP level 1. HP: 15/15 MP: 3/3
    71 | D:1      | Reached skill level 1 in Fighting
   250 | D:1      | Reached XP level 2. HP: 25/25 MP: 5/5
   764 | D:1      | Reached skill level 2 in Fighting
  1239 | D:1      | Learned a level 2 spell: Call Imp
  1247 | D:2      | Reached skill level 3 in Fighting
  1247 | D:2      | Reached XP level 3. HP: 11/34 MP: 3/6
  1826 | D:2      | Reached XP level 4. HP: 40/42 MP: 2/7
  2464 | D:2      | Reached skill level 4 in Fighting
  2769 | D:2      | Reached XP level 5. HP: 51/51 MP: 2/8
  3495 | D:3      | Found an opulent altar of Gozag.
  3780 | D:3      | Reached skill level 5 in Fighting
  4350 | D:4      | Identified the +0 ring mail of Soft Creativity {rPois rN+
                  | Slay-5}
  4405 | D:4      | Reached skill level 1 in Unarmed Combat
  4663 | D:4      | Reached skill level 2 in Unarmed Combat
  4671 | D:4      | Reached XP level 6. HP: 31/61 MP: 1/9
  4867 | D:4      | Found Lechuafydd's Book Shoppe.
  4957 | D:4      | Reached skill level 3 in Unarmed Combat
  5389 | D:5      | Entered Level 5 of the Dungeon
  5452 | D:5      | Reached skill level 1 in Air Magic
  5554 | D:5      | Reached skill level 2 in Air Magic
  5956 | D:6      | Found a sand-covered staircase.
  5989 | Ossuary  | Entered an ossuary
  6013 | Ossuary  | Reached XP level 7. HP: 25/67 MP: 2/10
  6020 | Ossuary  | HP: 2/67 [water moccasin zombie (5)]
  6023 | Ossuary  | Slain by a water moccasin zombie

Vanquished Creatures
  A bullfrog zombie (D:5)
  3 hounds
  An orc wizard (D:4)
  A hound skeleton (D:4)
  2 mummies
  3 gnolls (D:2)
  4 adders
  An ufetubus (D:5)
  A dart slug (D:2)
  3 orcs
  4 endoplasms
  3 giant cockroaches
  4 goblins
  2 hobgoblins (D:3)
  4 jackals (D:3)
  3 quokkas
  7 ball pythons
  3 bats
  A frilled lizard (D:2)
  10 kobolds
  An orc zombie (D:6)
  3 rats
65 creatures vanquished.

Vanquished Creatures (collateral kills)
  A water moccasin zombie (D:5)
  A crimson imp (D:4)
  A mummy (Ossuary)
  7 gnolls
  2 adders (D:2)
  A white imp (D:4)
  2 worms (D:2)
  An orc (D:4)
  A bat (D:2)
  An endoplasm (D:1)
  A hobgoblin (D:2)
19 creatures vanquished.

Vanquished Creatures (others)
  3 withered plants (Ossuary)
3 creatures vanquished.

Grand Total: 87 creatures vanquished
